 Dungeon Crawl Stone Soup version 0.30-a0-897-ga2f19c967e (webtiles) character file.

Game seed: 4460593888200789141

186 GordonOverkill the Cudgeller (level 6, -7/52 HPs)
             Began as a Meteoran Fighter on Mar 18, 2023.
             Was an Initiate of Okawaru.
             Mangled by a mummy (9 damage)
             ... in an ossuary.
             The game lasted 00:08:26 (1194 turns).

GordonOverkill the Cudgeller (Meteoran Fighter)     Turns: 1194, Time: 00:08:28

Health: -7/52      AC:  8    Str: 19    XL:     6   Next: 19%
Magic:  9/9        EV:  5    Int: 10    God:    Okawaru [......]
Gold:   225        SH: 13    Dex: 14    Spells: 5/5 levels left

rFire   . . .      SeeInvis .    a - +0 flail
rCold   . . .      Faith    +    m - +0 tower shield
rNeg    . . .      Spirit   .    b - +0 scale mail
rPois   .          Reflect  .    (no helmet)
rElec   .          Rampage  .    c - +0 cloak
rCorr   .                        (no gloves)
Will    .....                    (no boots) Stlth
                                 h - amulet of faith
HPRegen 0.28/turn                g - ring of flight
MPRegen 0.11/turn                (no ring)

@: flying, glowing
A: sense surroundings 1, otherworldly, glowing, explore regen
a: Renounce Religion


You were in an ossuary.
You worshipped Okawaru.
Okawaru was noncommittal.
You visited 1 branch of the dungeon, and saw 4 of its levels.
You also visited: Ossuary.

You collected 225 gold pieces.

Inventory:

Hand Weapons
 a - a +0 flail (weapon)
Missiles
 r - a javelin (quivered)
Armour
 b - a +0 scale mail (worn)
 c - a +0 cloak (worn)
 m - a +0 tower shield (worn)
Jewellery
 g - a ring of flight (left hand)
 h - an amulet of faith (around neck)
Scrolls
 i - a scroll of fear {unknown}
 k - 3 scrolls of immolation
 l - a scroll of enchant weapon {unknown}
 n - 3 scrolls of teleportation
 p - a scroll of fog {unknown}
 q - a scroll of vulnerability
 s - a scroll of butterflies {unknown}
Potions
 d - 2 potions of might
 e - a potion of brilliance
 f - 2 potions of lignification {unknown}
 j - 2 potions of magic {unknown}


   Skills:
 - Level 4.0 Fighting
 + Level 5.7 Maces & Flails
 - Level 4.0 Armour
 - Level 4.0 Shields
 + Level 2.8 Invocations


You had 5 spell levels left.
You didn't know any spells.
Your spell library contained the following spells:

 Spells                   Type           Power      Damage    Failure   Level
 Lesser Beckoning         Tloc           0%         N/A       100%        2
 Gell's Gravitas          Tloc           0%         N/A       100%        3
 Teleport Other           Tloc           0%         N/A       100%        3


Dungeon Overview and Level Annotations

Branches:
Dungeon (4/15) Zot: 1096  Ossuary (1/1) Zot: 570
 Temple: D:4-7

Altars:
Elyvilon
Gozag
Hepliaklqana
Nemelex Xobeh
Okawaru
Qazlal
Sif Muna
Uskayaw
Vehumet

Shops:
D:1 :


Innate Abilities, Weirdness & Mutations

You passively map a small area around you.
You are easily found by Zot.
You glow in the dark.
You regain HP and MP as you explore.


Message History

The gnoll zombie barely misses you. You block the human zombie's attack.
You hit the mummy.
The mummy is lightly damaged.
The jackal zombie bites you but does no damage.
The jackal zombie barely misses you. You block the orc zombie's attack.
The elf zombie hits you.
* * * LOW HITPOINT WARNING * * *
The rat zombie bites you but does no damage.
The mummy hits you!
* * * LOW HITPOINT WARNING * * *
The jackal zombie barely misses you.
The jackal zombie bites you but does no damage.
The human zombie hits you.
* * * LOW HITPOINT WARNING * * *
You block the gnoll zombie's attack. The orc zombie hits you.
* * * LOW HITPOINT WARNING * * *
You block the elf zombie's attack. The rat zombie bites you.
* * * LOW HITPOINT WARNING * * *
You hit the mummy.
The mummy is moderately damaged.
The jackal zombie bites you but does no damage.
You block the jackal zombie's attack. The mummy hits you!
* * * LOW HITPOINT WARNING * * *
The jackal zombie bites you but does no damage.
The human zombie hits you.
* * * LOW HITPOINT WARNING * * *
You block the gnoll zombie's attack. You block the orc zombie's attack.
The jackal zombie bites you but does no damage.
The elf zombie hits you.
* * * LOW HITPOINT WARNING * * *
The rat zombie bites you but does no damage.
You hit the mummy.
The mummy is heavily damaged.
You block the jackal zombie's attack.
The jackal zombie bites you but does no damage.
The human zombie hits you but does no damage.
The gnoll zombie barely misses you.
The orc zombie hits you but does no damage.
The mummy hits you!
You die...

, , *
............... *
............... ,
, ...............
, ...............
, ...............
, , , ,
............... ,
,,......ZZZ......
.....ZM@ZZ.....,
* ......ZZZ......
, ,
...............,
...............
(..............*
(..............
............... ,
, ,
............... +
* , ,


You could see a mummy, a rat zombie, 2 jackal zombies, a gnoll zombie, a kobold
zombie, 2 orc zombies, an elf zombie and a human zombie.

Vanquished Creatures
  A sky beast (D:4)
  An adder zombie (Ossuary)
  A worm (D:2)
  2 dart slugs
  3 orcs (D:4)
  4 endoplasms
  16 giant cockroaches
  5 goblins
  5 hobgoblins
  7 jackals (D:2)
  7 kobolds
  A quokka (D:1)
  5 ball pythons
  5 bats
  2 frilled lizards (D:1)
  A goblin zombie (Ossuary)
  A kobold zombie (Ossuary)
  3 rats
70 creatures vanquished.

Notes
Turn   | Place    | Note
-------+----------+-------------------------------------------
     0 | D:1      | GordonOverkill the Meteoran Fighter began the quest for the
                  | Orb.
     0 | D:1      | Reached XP level 1. HP: 19/19 MP: 2/2
    47 | D:1      | Reached XP level 2. HP: 26/26 MP: 3/3
    92 | D:1      | Found a faded altar of an unknown god.
   144 | D:1      | Reached skill level 3 in Maces & Flails
   220 | D:1      | Reached XP level 3. HP: 27/31 MP: 4/4
   287 | D:1      | Found Bibut's Book Emporium.
   559 | D:2      | Reached XP level 4. HP: 40/40 MP: 5/5
   783 | D:2      | Reached skill level 4 in Maces & Flails
  1042 | D:4      | Reached XP level 5. HP: 38/41 MP: 6/6
  1086 | D:4      | Found an opulent altar of Gozag.
  1086 | D:4      | Found a hazy altar of Hepliaklqana.
  1086 | D:4      | Found a radiant altar of Vehumet.
  1091 | D:4      | Found a sparkling altar of Nemelex Xobeh.
  1093 | D:4      | Found a hide-covered altar of Uskayaw.
  1095 | D:4      | Found a stormy altar of Qazlal.
  1098 | D:4      | Found an iron altar of Okawaru.
  1100 | D:4      | Found a shimmering blue altar of Sif Muna.
  1102 | D:4      | Found a white marble altar of Elyvilon.
  1104 | D:4      | Became a worshipper of Warmaster Okawaru
  1116 | D:4      | Found a sand-covered staircase.
  1118 | D:4      | Noticed a sky beast
  1149 | D:4      | Killed a sky beast
  1150 | D:4      | Reached skill level 5 in Maces & Flails
  1150 | D:4      | Reached XP level 6. HP: 42/52 MP: 6/9
  1175 | Ossuary  | Entered an ossuary
  1193 | Ossuary  | HP: 1/52 [elf zombie (3)]
  1194 | Ossuary  | Mangled by a mummy

Illustrated notes

Levels and vault maps discovered:
D:1:      dpeg_arrival_refuge, layout_rooms, serial_shops, shop_coins,
          hellmonk_ecumenical_altar_blasted
D:2:      minmay_roachtagon, layout_loops_cross
D:3:      layout_rooms, nzn_wu_jian_council_hall, minmay_misc_feat_cross,
          minmay_splitting_lines
D:4:      layout_rooms, nicolae_tso_carved_into_rock,
          nicolae_overflow_hallway_of_the_gods, nicolae_ossuary_entry_ruins
Ossuary:  ossuary_minmay_tomb_2a

Skill      XL: |  1  2  3  4  5 |
---------------+----------------+-----
Maces & Flails | 3 4 5 |  5.7
Shields        | 4 |  4.0
Armour         | 4 |  4.0
Fighting       | 4 |  4.0
Invocations    | 2 |  2.8

Action                     |  1- 3 |  4- 6 || total
---------------------------+-------+-------++-------
  Melee: Flail             |    87 |   155 ||   242
  Throw: Javelin           |       |     2 ||     2
    Use: Scroll            |       |     5 ||     5
         Potion            |       |     1 ||     1
 Armour: Scale mail        |    37 |   181 ||   218
  Dodge: Dodged            |    18 |    50 ||    68
  Block: Buckler           |     4 |       ||     4
         Tower shield      |    53 |   161 ||   214

Table legend: (Time is in decaauts)
 A = Elapsed time spent in this place.
 B = Non-inter-level travel time spent in this place.
 C = Inter-level travel time spent in this place.
 D = Time resting spent in this place.
 E = Time spent auto-exploring this place.
 F = Levels seen in this place.
 G = Mean time per level.
                   A        B        C        D        E       F      G
               +--------+--------+--------+--------+--------+-----+--------+
         Total |   1332 |   1296 |     36 |      0 |      0 |   5 |  266.4 |
       Dungeon |   1303 |   1267 |     36 |      0 |      0 |   4 |  325.8 |
       Ossuary |     28 |     28 |      0 |      0 |      0 |   1 |   28.0 |
               +--------+--------+--------+--------+--------+-----+--------+

Top non-repeatable levels by time:
     D:2: 617 daAuts
     D:1: 441 daAuts
     D:4: 189 daAuts
     D:3: 56 daAuts
 Ossuary: 28 daAuts
